Map: Lightshade LE

Players

MysteryMan

  • Race: Zerg Zerg

ExpecT - Winner!

  • Race: Terran Terran

Event: DreamHack SC2 Masters 2021 Fall

VOD

Have the link to the VOD?

Description

Time

  • Played on: July 28, 2021, 8:37 a.m.
  • Length: 11:00

All games in this series

Show
View Real Time Build Order
Export as new Build Order

MysteryMan Zerg 

Build Orders: Hatch First 

Get SALT Encoding   

  12  0:00  Drone  
  13  0:12  Overlord  
  13  0:17  Drone  
  14  0:30  Drone x2  
  16  0:49  Hatchery  
  15  0:52  Drone  
  15  0:55  Drone  
  17  0:58  Drone  
  18  1:09  Extractor  
  17  1:14  Spawning Pool  
  17  1:16  Drone  
  17  1:20  Drone  
  18  1:28  Drone  
  19  1:38  Drone  
  20  1:49  Drone  
  21  2:01  Queen x2  
  21  2:02  Zergling x4  
  27  2:12  Overlord  
  27  2:18  Hatchery  
  27  2:21  Drone  
  27  2:30  Drone x2  
  29  2:39  Metabolic Boost  
  29  2:44  Queen  
  29  2:45  Drone x2  
  29  2:51  Overlord  
  33  2:52  Drone  
  33  2:55  Drone  
  33  2:57  Drone  
  36  3:11  Drone x4  
  36  3:12  Overlord  
  40  3:19  Queen  
  40  3:20  Overlord  
  40  3:22  Drone  
  43  3:28  Drone  
  44  3:35  Roach Warren  
  44  3:36  Drone  
  44  3:38  Extractor  
  44  3:40  Queen  
  46  3:42  Drone  
  47  3:49  Drone x2  
  47  3:50  Drone x2  
  47  3:53  Drone  
  51  3:57  Overlord  
  51  4:00  Drone x2  
  51  4:02  Drone x2  
  55  4:03  Drone  
  55  4:07  Queen  
  58  4:13  Drone x2  
  58  4:16  Overlord  
  60  4:17  Drone  
  60  4:18  Drone  
  60  4:23  Roach x2  
  66  4:31  Overlord  
  66  4:32  Roach  
  66  4:33  Roach x2  
  66  4:38  Roach x2  
  76  4:40  Overlord  
  76  4:46  Overlord  
  76  4:47  Drone x3  
  79  4:54  Drone x6  
  85  5:00  Evolution Chamber  
  85  5:01  Evolution Chamber  
  85  5:03  Drone x3  
  86  5:07  Overlord  
  86  5:08  Drone  
  86  5:11  Lair, Extractor, Drone  
  86  5:12  Extractor  
  86  5:15  Spore Crawler  
  86  5:16  Spore Crawler  
  86  5:17  Spore Crawler  
  86  5:18  Drone  
  86  5:19  Drone  
  85  5:23  Drone  
  85  5:27  Overlord  
  86  5:29  Extractor x2, Zerg Missile Weapons Level 1  
  86  5:30  Zerg Ground Armor Level 1  
  86  5:32  Drone  
  85  5:36  Drone x2  
  86  5:43  Drone x3  
  86  5:44  Drone x2  
  86  5:47  Overlord  
  86  5:49  Drone  
  89  5:51  Roach x3  
  95  6:03  Drone x4  
  95  6:04  Drone x2  
  88  6:14  Drone x5  
  88  6:15  Hatchery  
  88  6:20  Drone x2  
  88  6:21  Drone  
  88  6:22  Queen  
  93  6:28  Drone  
  93  6:29  Spire  
  93  6:32  Queen  
  93  6:39  Overseer  
  95  6:40  Overlord  
  95  6:41  Drone x3  
  102  6:47  Roach x2  
  102  6:56  Roach  
  102  6:57  Roach  
  102  6:59  Pneumatized Carapace  
  106  7:02  Queen  
  106  7:06  Roach x4  
  106  7:08  Queen  
  116  7:10  Overlord  
  116  7:11  Roach x2  
  122  7:22  Roach x5  
  132  7:25  Drone x4  
  132  7:27  Drone  
  132  7:28  Drone  
  138  7:38  Roach x5  
  138  7:41  Overlord  
  138  7:42  Roach  
  150  7:45  Overseer  
  150  7:49  Overlord  
  150  7:50  Overlord  
  150  7:54  Overlord  
  150  7:58  Queen  
  150  8:00  Roach  
  150  8:01  Roach x2  
  150  8:04  Overlord x2  
  158  8:05  Overlord  
  158  8:06  Overlord  
  158  8:07  Zerg Missile Weapons Level 2  
  158  8:08  Zerg Ground Armor Level 2  
  158  8:15  Ravager x5, Glial Reconstitution  
  158  8:17  Ravager  
  158  8:18  Ravager  
  165  8:25  Roach x7  
  178  8:31  Spore Crawler  
  173  8:34  Extractor  
  173  8:39  Roach x8  
  188  8:46  Overlord  
  188  8:52  Roach x5  
  188  8:54  Ravager  
  193  9:25  Ravager x5  
  193  9:30  Roach  
  193  9:31  Roach  
  198  9:36  Roach  
  194  9:58  Roach x3  
  162  10:36  Roach x19  
Show
View Real Time Build Order
Export as new Build Order

ExpecT Terran - Winner!

Build Orders: Hellion Opening, Reaper Expand 

Get SALT Encoding   

  12  0:00  SCV  
  13  0:12  SCV  
  14  0:16  Supply Depot  
  14  0:24  SCV  
  15  0:38  SCV  
  15  0:40  Barracks  
  16  0:44  Refinery  
  16  0:50  SCV  
  17  1:02  SCV  
  18  1:14  SCV  
  19  1:27  Orbital Command  
  19  1:28  Reaper  
  20  1:39  Command Center  
  20  1:50  Supply Depot  
  20  1:52  SCV  
  21  1:59  Marine  
  22  2:04  Factory  
  22  2:05  SCV  
  23  2:11  Refinery  
  23  2:17  SCV  
  23  2:21  Barracks Reactor  
  24  2:36  SCV  
  25  2:50  SCV  
  25  2:51  Orbital Command, Starport  
  26  3:02  SCV  
  26  3:05  Hellion x2  
  31  3:07  Marine  
  32  3:14  SCV  
  32  3:18  SCV  
  34  3:26  SCV, Hellion  
  34  3:27  Hellion  
  39  3:31  Fusion Core, Starport Tech Lab  
  39  3:32  Supply Depot  
  39  3:33  SCV  
  40  3:38  SCV  
  40  3:39  Barracks Tech Lab  
  41  3:46  SCV  
  42  3:50  SCV  
  42  3:52  Hellion  
  42  3:54  Hellion  
  47  3:56  Supply Depot  
  47  4:00  SCV  
  51  4:03  SCV  
  52  4:12  SCV  
  53  4:21  Battlecruiser  
  56  4:25  Command Center  
  56  4:26  SCV  
  56  4:27  SCV  
  58  4:35  Supply Depot  
  58  4:38  SCV  
  59  4:42  Stimpack  
  59  4:45  Barracks  
  59  4:46  SCV  
  59  4:50  Barracks  
  59  4:51  SCV  
  61  4:53  Marine, Factory Tech Lab  
  61  4:58  SCV  
  63  5:02  Supply Depot x2  
  61  5:07  Bunker  
  61  5:08  SCV  
  61  5:10  SCV  
  61  5:12  Marine  
  64  5:19  Siege Tank  
  64  5:20  SCV  
  68  5:22  SCV  
  68  5:24  Engineering Bay  
  68  5:28  Engineering Bay  
  69  5:29  Refinery  
  69  5:31  Refinery  
  69  5:32  SCV  
  69  5:33  Barracks Reactor  
  69  5:34  Marine  
  72  5:43  Starport Reactor  
  72  5:45  Orbital Command  
  72  5:47  Marine x2  
  73  5:51  SCV x2  
  73  5:52  Marine  
  76  5:57  Barracks  
  76  5:58  Barracks  
  79  6:04  Marine  
  79  6:05  Terran Infantry Armor Level 1, Terran Infantry Weapons Level 1  
  79  6:06  SCV x2  
  79  6:11  Marine x2  
  74  6:19  Orbital Command  
  74  6:20  Marine x2  
  74  6:22  Marine, SCV x2  
  75  6:28  Marine  
  75  6:29  Marine  
  75  6:30  Siege Tank  
  80  6:34  SCV, Supply Depot  
  80  6:35  Supply Depot  
  80  6:37  Combat Shield  
  80  6:38  Marine x2, SCV  
  84  6:40  Marine  
  84  6:45  SCV  
  84  6:46  Marine x2, SCV  
  89  6:48  Barracks Tech Lab  
  89  6:50  SCV  
  90  6:56  Marine, Marauder  
  90  6:57  SCV  
  90  6:58  Marine, SCV  
  96  7:02  SCV, Siege Tank  
  96  7:04  Marine  
  101  7:08  Medivac x2  
  101  7:09  SCV  
  101  7:11  Marine, Supply Depot  
  101  7:12  Marine, Marauder  
  101  7:13  SCV  
  101  7:14  Marine  
  101  7:15  Refinery, SCV  
  113  7:16  Refinery  
  113  7:17  Concussive Shells  
  113  7:24  Supply Depot x2  
  113  7:26  SCV x2  
  113  7:27  SCV  
  116  7:30  Marine  
  116  7:32  Marine x3  
  116  7:33  Marauder x2  
  116  7:34  Supply Depot  
  116  7:35  Supply Depot  
  124  7:45  Siege Tank  
  124  7:46  Armory, Marauder  
  129  7:51  Marine x3  
  129  7:52  Marine  
  129  7:54  Marauder x2  
  137  8:03  Supply Depot, Medivac x2  
  141  8:07  Marauder  
  141  8:10  Marine x4  
  147  8:16  Marauder x2  
  147  8:18  Siege Tank  
  154  8:22  Factory  
  154  8:25  Command Center  
  154  8:28  Marine x4  
  154  8:29  Marauder  
  160  8:37  Marauder  
  165  8:44  Supply Depot, Marauder  
  165  8:46  Marine, Supply Depot  
  164  8:50  Marauder  
  166  8:59  Marine x3, Marauder  
  171  9:03  Marine  
  171  9:06  Supply Depot x2, Marauder  
  171  9:07  Barracks x2  
  171  9:09  Barracks  
  174  9:13  Factory Tech Lab  
  174  9:22  Supply Depot  
  174  9:27  Marine x2  
  174  9:28  Marauder  
  174  9:29  Marine x2, Marauder  
  174  9:30  Marauder  
  182  9:34  Siege Tank  
  182  9:35  Siege Tank  
  182  9:45  Marine x2  
  184  9:47  Medivac x2  
  184  9:50  Marine, Marauder  
  184  9:51  Marauder  
  191  10:01  Marine, Marauder  
  191  10:02  Marine  
  195  10:09  Marine x2, Siege Tank  
  195  10:10  Barracks Tech Lab x2  
  195  10:12  Barracks Tech Lab  
  196  10:16  Barracks Reactor x2  
  194  10:23  Marine x4, Marauder  
  192  10:32  SCV x3  
  192  10:34  Marine x2  
  192  10:35  Marauder  
  178  10:41  Marine x3  
  163  10:44  SCV  

Tags
 
Add a new tag
Caveats
  • Supply blocks, unpowered buildings, or Contaminate may cause inaccurate times.
  • Supply counts are checked every 10 seconds.